 Dungeon Crawl Stone Soup version 0.31-a0-321-g19405a7a6a (webtiles) character file.

Game seed: 15885792026398247156

49 testman the Changeling (level 3, -1/29 HPs)
             Began as a Merfolk Shapeshifter on July 17, 2023.
             Killed from afar by an orc wizard (7 damage)
             ... with a puff of flame
             ... on level 2 of the Dungeon.
             The game lasted 00:03:30 (1208 turns).

testman the Changeling (Merfolk Shapeshifter)       Turns: 1208, Time: 00:03:30

Health: -1/29      AC:  2    Str: 17    XL:     3   Next: 75%
Magic:  3/3        EV: 13    Int:  7    God:
Gold:   97         SH:  0    Dex: 14    Spells: 2/2 levels left

rFire   . . .        d - +0 falchion
rCold   . . .        (no shield)
rNeg    . . .        a - +0 animal skin
rPois   .            (helmet currently unavailable)
rElec   .            (cloak currently unavailable)
rCorr   .            (gloves currently unavailable)
SInv    .            (boots currently unavailable)
Will    .....        (no amulet)
Stlth   +            (no ring)
HPRegen 0.24/turn    (no ring)
MPRegen 0.08/turn

%: no passive effects
@: beast-form
A: beast (slay +2), (nimble swimmer 2), mertail
a: Begin Untransformation


You were on level 2 of the Dungeon.
You were a hulking beast.
You visited 1 branch of the dungeon, and saw 2 of its levels.

You collected 97 gold pieces.

Inventory:

Hand Weapons
 d - a +0 falchion (weapon)
Missiles
 l - 4 poisoned darts
Armour
 a - a +0 animal skin (worn)
Magical Staves
 f - a staff of cold
Talismans
 c - a beast talisman
Scrolls
 e - a scroll of vulnerability {unknown}
 g - a scroll of enchant weapon {unknown}
 h - a scroll of fear {unknown}
 i - a scroll of enchant armour {unknown}
 j - 2 scrolls of teleportation {unknown}
 k - a scroll of revelation {unknown}
 o - 2 scrolls of identify {unknown}
Potions
 b - 2 potions of lignification
 m - a potion of curing {unknown}
 n - a potion of enlightenment {unknown}
 p - a potion of heal wounds {unknown}
 q - 2 potions of mutation {unknown}


   Skills:
 + Level 3.1 Fighting
 - Level 2.0 Long Blades
 + Level 3.8 Dodging
 - Level 2.1 Unarmed Combat
 - Level 4.0 Shapeshifting


You had 2 spell levels left.
You didn't know any spells.
Your spell library was empty.

Dungeon Overview and Level Annotations

Branches:
Dungeon (2/15)

Altars:


Innate Abilities, Weirdness & Mutations

You are a hulking beast.
Your limbs bulge with bestial killing power. (Slay +2)
((You are very nimble when in or above water. (Stealth+, EV+, Speed+++)))
Your lower body shifts to a powerful aquatic tail in water.


Message History

Found a robe.
The orc shouts!
A kobold comes into view. It is wielding a +0 whip.
An orc comes into view. It is wielding a +0 short sword.
An orc wizard comes into view. It is wielding a +0 dagger.
The orc shouts!
Found a stone staircase leading up.
The kobold shouts!
The orc wizard shouts!
The kobold misses you. The orc attacks as you move away!
The orc hits you but does no damage. The kobold attacks as you move away!
The kobold barely misses you.
The orc wizard mumbles some strange words.
The orc wizard flickers and vanishes!
Deactivating autopickup; reactivate with Ctrl-A.
The kobold attacks as you move away! The kobold barely misses you.
The orc attacks as you move away! The orc closely misses you.
You hit the kobold but do no damage. The kobold hits you with a +0 whip.
The kobold barely misses you.
You hit the kobold but do no damage. The kobold misses you.
You slash the kobold!
You kill the kobold!
You barely miss the orc. The orc hits you with a +0 short sword.
You barely miss the orc. The orc hits you with a +0 short sword.
You slash the orc!
You kill the orc!
You barely miss something. Something hits you.
You hit something but do no damage. Something hits you but does no damage.
You barely miss something. Something completely misses you.
You miss something. Something hits you.
You barely miss something. Something hits you. x2
You closely miss something. Something hits you.
* * * LOW HITPOINT WARNING * * *
You miss something. Something hits you but does no damage.
You barely miss something. Something hits you.
* * * LOW HITPOINT WARNING * * *
You barely miss something.
You hear some strange, mumbled words.
A puff of flame appears from out of thin air!
The puff of flame hits you!
You die...

####### ##.....##
##.......####### #########
#............... ........#
#............... .....[..#
#...............
........####...............
........o{h................
........#####..............
<.......# #...............
........# #...............
........# #...............
##.###... #...............
#. #### ...........#.... .
##...............
#.......w.....#


You could see an orc.

Vanquished Creatures
  A worm (D:2)
  A dart slug (D:1)
  An orc (D:2)
  9 ball pythons
  2 endoplasms (D:2)
  A goblin (D:1)
  6 hobgoblins
  4 kobolds
  A quokka (D:1)
  7 bats
  4 frilled lizards
  3 rats
40 creatures vanquished.

Notes
Turn   | Place    | Note
-------+----------+-------------------------------------------
     0 | D:1      | testman the Merfolk Shapeshifter began the quest for the
                  | Orb.
     0 | D:1      | Reached XP level 1. HP: 16/16 MP: 1/1
    61 | D:1      | Reached skill level 1 in Long Blades
   280 | D:1      | Reached XP level 2. HP: 11/22 MP: 2/2
   833 | D:2      | Reached XP level 3. HP: 23/28 MP: 3/3
  1208 | D:2      | Killed from afar by an orc wizard

Illustrated notes

Levels and vault maps discovered:
D:1:      giann_bridges, layout_loops_ring, minmay_cupped
D:2:      layout_rooms

Skill      XL: |  1  2  3 |
---------------+----------+-----
Long Blades    | 2 |  2.0
Dodging        | 3 |  3.8
Fighting       | 3 |  3.1
Unarmed Combat | |  2.1
Shapeshifting  | |  4.0

Action                     || total
---------------------------++-------
  Melee: Falchion          ||   111
   Stab: Sleeping          ||     2
 Armour: Animal skin       ||    25
  Dodge: Dodged            ||    71

Table legend: (Time is in decaauts)
 A = Elapsed time spent in this place.
 B = Non-inter-level travel time spent in this place.
 C = Inter-level travel time spent in this place.
 D = Time resting spent in this place.
 E = Time spent auto-exploring this place.
 F = Levels seen in this place.
 G = Mean time per level.
                   A        B        C        D        E       F      G
               +--------+--------+--------+--------+--------+-----+--------+
         Total |   1222 |   1183 |     39 |     31 |    875 |   2 |  611.0 |
       Dungeon |   1222 |   1183 |     39 |     31 |    875 |   2 |  611.0 |
               +--------+--------+--------+--------+--------+-----+--------+

Top non-repeatable levels by time:
     D:1: 820 daAuts
     D:2: 402 daAuts
